 Dungeon Crawl Stone Soup version 0.27-a0-1200-g94dc6ad4cf (webtiles) character file.

Game seed: 9013003150896445758

811 t3hyoshi the Cutter (level 7, -1/76 HPs)
             Began as a Purple Draconian Berserker on May 30, 2021.
             Was a Priest of Trog.
             Slain by Menkaure (6 damage)
             ... on level 4 of the Dungeon.
             The game lasted 00:26:25 (3231 turns).

t3hyoshi the Cutter (Purple Draconian Berserker)    Turns: 3231, Time: 00:26:25

Health: -1/76      AC:  6    Str: 21    XL:     7   Next: 61%
Magic:  7/7        EV: 12    Int:  7    God:    Trog [***...]
Gold:   30         SH:  0    Dex: 11    Spells: 6/6 levels left

rFire    . . .     SeeInvis .   g - +2 dagger (vamp)
rCold    . . .     Faith    .   (no shield)
rNeg     . . .     Spirit   .   (armour unavailable)
rPois    .         Reflect  .   (helmet restricted)
rElec    .         Harm     .   (no cloak)
rCorr    .         Rampage  .   (no gloves)
Will     +....                  (no boots)
Stlth    ..........             (no amulet)
HPRegen  1.22/turn              (no ring)
MPRegen  0.10/turn              (no ring)

@: mighty, berserking, short of breath, attractive, very quick
A: breathe power, AC +6, unfitting armour, cold-blooded, frail 1, regeneration 1
a: Breathe Dispelling Energy, Renounce Religion, Berserk, Trog's Hand


You were on level 4 of the Dungeon.
You worshipped Trog.
Trog was most pleased with you.
You visited 1 branch of the dungeon, and saw 4 of its levels.

You collected 130 gold pieces.
You spent 100 gold pieces at shops.

Inventory:

Hand Weapons
 a - a +0 hand axe
 g - a +2 vampiric dagger (weapon)
 h - a +1 dagger of venom
 i - a +0 dagger
Missiles
 s - a throwing net
Armour
 b - a +0 helmet
 c - a +0 leather armour
 f - a +0 ring mail
Wands
 q - a wand of mindburst (8)
Scrolls
 e - 2 scrolls of teleportation
 j - a scroll of noise {unknown}
 k - a scroll of magic mapping {unknown}
 l - 2 scrolls of amnesia {unknown}
 m - a scroll of fog {unknown}
 p - a scroll of fear {unknown}
 r - a scroll of identify
Potions
 n - a potion of attraction
 o - a potion of might


   Skills:
 - Level 3.3 Fighting
 + Level 6.3 Short Blades
 - Level 3.0 Axes
 - Level 2.7 Dodging
 + Level 5.3 Stealth


You had 6 spell levels left.
You didn't know any spells.
Your spell library contained the following spells:

 Spells                   Type           Power      Damage    Failure   Level
 Magic Dart               Conj           0%         1d3       43%         1
 Blink                    Tloc           N/A        N/A       56%         2
 Call Imp                 Summ           0%         N/A       56%         2
 Slow                     Hex            0%         N/A       56%         2
 Conjure Flame            Conj/Fire      0%         6-21      80%         3
 Mephitic Cloud           Conj/Pois/Air  0%         N/A       80%         3


Dungeon Overview and Level Annotations

Branches:
Dungeon (4/15)
 Temple: D:4-7

Altars:

Shops:
D:4 *

Portals:
Sewer: D:4

Annotations:
D:4 Menkaure


Innate Abilities, Weirdness & Mutations

You can breathe bolts of dispelling energy.
Your rich purple scales are hard. (AC +6)
You cannot fit into any form of body armour.
You are cold-blooded and may be slowed by cold attacks.
You are frail. (-10% HP)
Your natural rate of healing is unusually fast.


Message History

Menkaure calls on the powers of darkness!
Your body is wracked with pain!
Menkaure hits you! Menkaure barely misses you.
Abil: Breathe Dispelling Energy
Press: ? - help, Q - select action, (/) - cycle Shift-Dir - straight line, f - Menkaure
Aim: Menkaure You breathe a bolt of dispelling energy.
The bolt of dispelling energy hits Menkaure!
Menkaure is moderately damaged.
Menkaure gestures at you while chanting.
You resist with significant effort.
You hit Menkaure but do no damage.
You tail-slap Menkaure, but do no damage.
Menkaure is moderately damaged.
You hit Menkaure but do no damage.
Menkaure is moderately damaged.
Menkaure's bandages flutter.
Menkaure casts a spell at you. Pain shoots through your body!
* * * LOW HITPOINT WARNING * * *
It was a potion of attraction.
You feel attractive to monsters.
It was a potion of curing.
You feel better.
Menkaure gestures wildly while chanting.
Menkaure seems to speed up.
You feel very mighty all of a sudden.
Menkaure calls on the powers of darkness!
Your body is wracked with pain!
* * * LOW HITPOINT WARNING * * *
A red film seems to cover your vision as you go berserk!
You feel yourself moving faster!
You feel mighty! Menkaure misses you. Menkaure hits you!
* * * LOW HITPOINT WARNING * * *
You hit Menkaure.
Menkaure is moderately damaged.
You puncture Menkaure!
Menkaure is severely damaged.
Menkaure hits you.
You die...

...#.<..####.........#...##
#.....### ##.............#
###..# #...###.....[.####.#
# ##.# #..## ##...........#
#.# #..# ##...######.# .###
####.## #..## #...###.....
#..# # #...........### ##.#
####............@####.##
.........##.....M...##.###
.................##......#
###...........#..###..###.#
..............#.## #### .#
#............ .. #
#####......#.#..
##........#..
###.....##..#.#


You could see Menkaure (fast).

Vanquished Creatures
  2 water moccasins (D:3)
  2 necrophages
  The ghost of oc3rt the Sneak, an amateur KoBr (D:3)
  A water moccasin skeleton (D:4)
  A bullfrog skeleton (D:4)
  Jessica (D:2)
  An iguana (D:4)
  Natasha (twice) (D:2)
  Robin (D:2)
  7 adders
  2 worms
  2 dart slugs
  2 orcs (D:3)
  6 ball pythons
  3 endoplasms (D:2)
  3 giant cockroaches
  5 goblins
  10 hobgoblins
  18 jackals
  4 quokkas (D:2)
  4 bats
  A frilled lizard (D:3)
  10 kobolds
  6 rats
95 creatures vanquished.

Vanquished Creatures (others)
  3 fungi (D:1)
  4 plants
7 creatures vanquished.

Grand Total: 102 creatures vanquished

Notes
Turn   | Place    | Note
-------+----------+-------------------------------------------
     0 | D:1      | t3hyoshi the Draconian Berserker began the quest for the
                  | Orb.
     0 | D:1      | Reached XP level 1. HP: 19/19 MP: 1/1
    61 | D:1      | Reached skill level 1 in Stealth
    61 | D:1      | Reached XP level 2. HP: 24/26 MP: 2/2
    85 | D:1      | Found a faded altar of an unknown god.
   913 | D:2      | Gained mutation: You are frail. (-10% HP) [potion of
                  | mutation]
   913 | D:2      | Gained mutation: Your natural rate of healing is unusually
                  | fast. [potion of mutation]
   962 | D:2      | Reached XP level 3. HP: 26/27 MP: 3/3
   980 | D:2      | Noticed Robin
   993 | D:2      | Killed Robin
  1058 | D:2      | Reached ** piety under Trog
  1090 | D:2      | Noticed Jessica
  1107 | D:2      | Killed Jessica
  1108 | D:2      | Reached XP level 4. HP: 19/34 MP: 4/4
  1184 | D:2      | Reached skill level 1 in Short Blades
  1269 | D:2      | Noticed Natasha
  1295 | D:2      | Killed Natasha
  1432 | D:2      | Noticed Natasha
  1441 | D:2      | Killed Natasha
  1442 | D:2      | Reached skill level 2 in Short Blades
  1442 | D:2      | Reached XP level 5. HP: 40/40 MP: 5/5
  1808 | D:3      | Noticed a water moccasin
  1835 | D:3      | Killed a water moccasin
  1836 | D:3      | Reached skill level 3 in Short Blades
  1836 | D:3      | Reached XP level 6. HP: 45/45 MP: 6/6
  2023 | D:3      | Found a transporter.
  2023 | D:3      | Noticed oc3rt's ghost (amateur KoBr)
  2024 | D:3      | Found a transporter.
  2045 | D:3      | Reached skill level 4 in Short Blades
  2052 | D:3      | Killed oc3rt's ghost
  2053 | D:3      | Reached *** piety under Trog
  2424 | D:3      | Noticed a water moccasin
  2444 | D:3      | Killed a water moccasin
  2445 | D:3      | Reached skill level 5 in Short Blades
  2445 | D:3      | Your scales start taking on a rich purple colour.
  2445 | D:3      | Reached XP level 7. HP: 45/51 MP: 7/7
  2669 | D:4      | Found a glowing drain.
  2694 | D:4      | Reached skill level 5 in Stealth
  2931 | D:4      | Found Qaryog's Assorted Antiques.
  2937 | D:4      | Bought a sharpened fluorescent wand for 100 gold pieces
  3082 | D:4      | Reached skill level 6 in Short Blades
  3217 | D:4      | Noticed Menkaure
  3231 | D:4      | Slain by Menkaure

Illustrated notes

Levels and vault maps discovered:
D:1:      minmay_arrival_semitransparent, layout_loops_cross,
          shapermc_ecumenical_altar_mp_ritualfount
D:2:      layout_loops_ring, uniq_jessica, uniq_robin, uniq_natasha
D:3:      layout_basic, gammafunk_ghost_arena, amcnicky_mini_pool_small,
          saegor_snake_ambush
D:4:      layout_layer_cave, general_overflow_altar, gup_sewer_entry_glass,
          serial_shops, shop, nrook_loot_triangle, uniq_menkaure

Skill      XL: |  1  2  3  4  5  6  7 |
---------------+----------------------+-----
Stealth        | 1 2 3 4 5 |  5.3
Short Blades   | 2 3 5 6 |  6.3
Fighting       | |  3.3
Axes           | |  3.0
Dodging        | |  2.7

Action                   |  1- 3 |  4- 6 |  7- 9 || total
-------------------------+-------+-------+-------++-------
Melee: Hand axe          |    77 |       |       ||    77
       Tailslap          |    12 |    23 |    13 ||    48
       Dagger            |    21 |   178 |    99 ||   298
Invok: Berserk           |     2 |     3 |     2 ||     7
 Abil: Breathe Dispellin |       |       |     7 ||     7
Evoke: Wand              |       |       |     1 ||     1
  Use: Potion            |     1 |       |     4 ||     5
       Scroll            |       |     2 |       ||     2
 Stab: Sleeping          |     1 |     2 |       ||     3
Armor: Skin              |    21 |    68 |    23 ||   112
Dodge: Dodged            |    69 |   145 |    47 ||   261

Table legend: (Time is in decaauts)
 A = Elapsed time spent in this place.
 B = Non-inter-level travel time spent in this place.
 C = Inter-level travel time spent in this place.
 D = Time resting spent in this place.
 E = Time spent auto-exploring this place.
 F = Levels seen in this place.
 G = Mean time per level.
                   A        B        C        D        E       F      G
               +--------+--------+--------+--------+--------+-----+--------+
         Total |   3299 |   3296 |      3 |      0 |   1634 |   4 |  824.8 |
       Dungeon |   3299 |   3296 |      3 |      0 |   1634 |   4 |  824.8 |
               +--------+--------+--------+--------+--------+-----+--------+

Top non-repeatable levels by time:
     D:2: 1145 daAuts
     D:3: 923 daAuts
     D:1: 682 daAuts
     D:4: 548 daAuts
